%YAML 1.1
%TAG !u! tag:unity3d.com,2011:
--- !u!114 &11400000
MonoBehaviour:
  m_ObjectHideFlags: 0
  m_CorrespondingSourceObject: {fileID: 0}
  m_PrefabInstance: {fileID: 0}
  m_PrefabAsset: {fileID: 0}
  m_GameObject: {fileID: 0}
  m_Enabled: 1
  m_EditorHideFlags: 0
  m_Script: {fileID: 11500000, guid: 15f0118ce50c1894487d3c82fab5e80a, type: 3}
  m_Name: "O104e - Vyp\xEDna\u010D"
  m_EditorClassIdentifier: 
  nodes:
  - {fileID: 114395941907901726}
  - {fileID: 114055971503585686}
  - {fileID: 114996473133507420}
  - {fileID: 114772186654612928}
  connections:
  - {fileID: 114221986060220382}
  - {fileID: 114980745153573100}
  i: 4
  corruptionReport: 
--- !u!114 &114055971503585686
MonoBehaviour:
  m_ObjectHideFlags: 0
  m_CorrespondingSourceObject: {fileID: 0}
  m_PrefabInstance: {fileID: 0}
  m_PrefabAsset: {fileID: 0}
  m_GameObject: {fileID: 0}
  m_Enabled: 1
  m_EditorHideFlags: 0
  m_Script: {fileID: 11500000, guid: a369827a53a8b544fac030b468de9f7b, type: 3}
  m_Name: "O104e - Vyp\xEDna\u010D-R-1"
  m_EditorClassIdentifier: 
  uniqueId: "O104e - Vyp\xEDna\u010D-R-1"
  nameWithinDialog: R-1
  parentGraph: {fileID: 11400000}
  inPort: {fileID: 114417496090424124}
  outPorts:
  - {fileID: 114780308137402812}
  pointsTo: []
  position: {x: 0, y: 0}
  rect:
    serializedVersion: 2
    x: 355.80994
    y: 151.12997
    width: 250
    height: 150
  isDragged: 0
  isSelected: 0
  nodeNameRect:
    serializedVersion: 2
    x: 15
    y: 10
    width: 146
    height: 30
  corruptionReport: 
  speaker: {fileID: 11400000, guid: bd4269cbd9a00b64fa93d3034e3bb339, type: 2}
  replicAudio: {fileID: 0}
  scroll: {x: 0, y: 0}
  currentLang: 0
  translation:
    cs: "Vyp\xEDna\u010D. To kdy\u017E zm\xE1\u010Dknu, tak se v\u011Bt\u0161inou
      n\u011Bco vypne."
    en: 
--- !u!114 &114221986060220382
MonoBehaviour:
  m_ObjectHideFlags: 0
  m_CorrespondingSourceObject: {fileID: 0}
  m_PrefabInstance: {fileID: 0}
  m_PrefabAsset: {fileID: 0}
  m_GameObject: {fileID: 0}
  m_Enabled: 1
  m_EditorHideFlags: 0
  m_Script: {fileID: 11500000, guid: c83906d02ff79e44a87686bb3e9d622c, type: 3}
  m_Name: "O104e - Vyp\xEDna\u010D-EP-0 -- O104e - Vyp\xEDna\u010D-R-1"
  m_EditorClassIdentifier: 
  inPort: {fileID: 114495620326432990}
  outPort: {fileID: 114417496090424124}
--- !u!114 &114311589124555936
MonoBehaviour:
  m_ObjectHideFlags: 0
  m_CorrespondingSourceObject: {fileID: 0}
  m_PrefabInstance: {fileID: 0}
  m_PrefabAsset: {fileID: 0}
  m_GameObject: {fileID: 0}
  m_Enabled: 1
  m_EditorHideFlags: 0
  m_Script: {fileID: 11500000, guid: 92897b83d3ac44d4fb3722cc5d2189d2, type: 3}
  m_Name: "O104e - Vyp\xEDna\u010D-EP-3-outPort"
  m_EditorClassIdentifier: 
  Direction: 1
  attachedToNode: {fileID: 114772186654612928}
  centerInAbsolute: {x: 221.59999, y: 418.93994}
  connections:
  - {fileID: 114980745153573100}
  buttonRectInRelative:
    serializedVersion: 2
    x: 168
    y: 25
    width: 12
    height: 12
--- !u!114 &114395941907901726
MonoBehaviour:
  m_ObjectHideFlags: 0
  m_CorrespondingSourceObject: {fileID: 0}
  m_PrefabInstance: {fileID: 0}
  m_PrefabAsset: {fileID: 0}
  m_GameObject: {fileID: 0}
  m_Enabled: 1
  m_EditorHideFlags: 0
  m_Script: {fileID: 11500000, guid: d687dbdf673d5ab4391e7faf19ac9f58, type: 3}
  m_Name: "O104e - Vyp\xEDna\u010D-EP-0"
  m_EditorClassIdentifier: 
  uniqueId: "O104e - Vyp\xEDna\u010D-EP-0"
  nameWithinDialog: EP-0
  parentGraph: {fileID: 11400000}
  inPort: {fileID: 0}
  outPorts:
  - {fileID: 114495620326432990}
  pointsTo: []
  position: {x: 0, y: 0}
  rect:
    serializedVersion: 2
    x: 50
    y: 150
    width: 180
    height: 100
  isDragged: 0
  isSelected: 0
  nodeNameRect:
    serializedVersion: 2
    x: 15
    y: 10
    width: 100
    height: 30
  corruptionReport: 
  note: 
--- !u!114 &114403808415347500
MonoBehaviour:
  m_ObjectHideFlags: 0
  m_CorrespondingSourceObject: {fileID: 0}
  m_PrefabInstance: {fileID: 0}
  m_PrefabAsset: {fileID: 0}
  m_GameObject: {fileID: 0}
  m_Enabled: 1
  m_EditorHideFlags: 0
  m_Script: {fileID: 11500000, guid: 92897b83d3ac44d4fb3722cc5d2189d2, type: 3}
  m_Name: "O104e - Vyp\xEDna\u010D-R-2-outPort"
  m_EditorClassIdentifier: 
  Direction: 1
  attachedToNode: {fileID: 114996473133507420}
  centerInAbsolute: {x: 600.99994, y: 530.7999}
  connections: []
  buttonRectInRelative:
    serializedVersion: 2
    x: 238
    y: 25
    width: 12
    height: 12
--- !u!114 &114417496090424124
MonoBehaviour:
  m_ObjectHideFlags: 0
  m_CorrespondingSourceObject: {fileID: 0}
  m_PrefabInstance: {fileID: 0}
  m_PrefabAsset: {fileID: 0}
  m_GameObject: {fileID: 0}
  m_Enabled: 1
  m_EditorHideFlags: 0
  m_Script: {fileID: 11500000, guid: 92897b83d3ac44d4fb3722cc5d2189d2, type: 3}
  m_Name: "O104e - Vyp\xEDna\u010D-R-1-inPort"
  m_EditorClassIdentifier: 
  Direction: 0
  attachedToNode: {fileID: 114055971503585686}
  centerInAbsolute: {x: 361.80994, y: 182.12997}
  connections:
  - {fileID: 114221986060220382}
  buttonRectInRelative:
    serializedVersion: 2
    x: 0
    y: 25
    width: 12
    height: 12
--- !u!114 &114495620326432990
MonoBehaviour:
  m_ObjectHideFlags: 0
  m_CorrespondingSourceObject: {fileID: 0}
  m_PrefabInstance: {fileID: 0}
  m_PrefabAsset: {fileID: 0}
  m_GameObject: {fileID: 0}
  m_Enabled: 1
  m_EditorHideFlags: 0
  m_Script: {fileID: 11500000, guid: 92897b83d3ac44d4fb3722cc5d2189d2, type: 3}
  m_Name: "O104e - Vyp\xEDna\u010D-EP-0-outPort"
  m_EditorClassIdentifier: 
  Direction: 1
  attachedToNode: {fileID: 114395941907901726}
  centerInAbsolute: {x: 224, y: 181}
  connections:
  - {fileID: 114221986060220382}
  buttonRectInRelative:
    serializedVersion: 2
    x: 168
    y: 25
    width: 12
    height: 12
--- !u!114 &114501985784481910
MonoBehaviour:
  m_ObjectHideFlags: 0
  m_CorrespondingSourceObject: {fileID: 0}
  m_PrefabInstance: {fileID: 0}
  m_PrefabAsset: {fileID: 0}
  m_GameObject: {fileID: 0}
  m_Enabled: 1
  m_EditorHideFlags: 0
  m_Script: {fileID: 11500000, guid: 92897b83d3ac44d4fb3722cc5d2189d2, type: 3}
  m_Name: "O104e - Vyp\xEDna\u010D-R-2-inPort"
  m_EditorClassIdentifier: 
  Direction: 0
  attachedToNode: {fileID: 114996473133507420}
  centerInAbsolute: {x: 362.99994, y: 530.7999}
  connections:
  - {fileID: 114980745153573100}
  buttonRectInRelative:
    serializedVersion: 2
    x: 0
    y: 25
    width: 12
    height: 12
--- !u!114 &114772186654612928
MonoBehaviour:
  m_ObjectHideFlags: 0
  m_CorrespondingSourceObject: {fileID: 0}
  m_PrefabInstance: {fileID: 0}
  m_PrefabAsset: {fileID: 0}
  m_GameObject: {fileID: 0}
  m_Enabled: 1
  m_EditorHideFlags: 0
  m_Script: {fileID: 11500000, guid: d687dbdf673d5ab4391e7faf19ac9f58, type: 3}
  m_Name: "O104e - Vyp\xEDna\u010D-EP-3"
  m_EditorClassIdentifier: 
  uniqueId: "O104e - Vyp\xEDna\u010D-EP-3"
  nameWithinDialog: EP-3
  parentGraph: {fileID: 11400000}
  inPort: {fileID: 0}
  outPorts:
  - {fileID: 114311589124555936}
  pointsTo: []
  position: {x: 0, y: 0}
  rect:
    serializedVersion: 2
    x: 47.59999
    y: 387.93994
    width: 180
    height: 100
  isDragged: 0
  isSelected: 0
  nodeNameRect:
    serializedVersion: 2
    x: 15
    y: 10
    width: 100
    height: 30
  corruptionReport: 
  note: 
--- !u!114 &114780308137402812
MonoBehaviour:
  m_ObjectHideFlags: 0
  m_CorrespondingSourceObject: {fileID: 0}
  m_PrefabInstance: {fileID: 0}
  m_PrefabAsset: {fileID: 0}
  m_GameObject: {fileID: 0}
  m_Enabled: 1
  m_EditorHideFlags: 0
  m_Script: {fileID: 11500000, guid: 92897b83d3ac44d4fb3722cc5d2189d2, type: 3}
  m_Name: "O104e - Vyp\xEDna\u010D-R-1-outPort"
  m_EditorClassIdentifier: 
  Direction: 1
  attachedToNode: {fileID: 114055971503585686}
  centerInAbsolute: {x: 599.80994, y: 182.12997}
  connections: []
  buttonRectInRelative:
    serializedVersion: 2
    x: 238
    y: 25
    width: 12
    height: 12
--- !u!114 &114980745153573100
MonoBehaviour:
  m_ObjectHideFlags: 0
  m_CorrespondingSourceObject: {fileID: 0}
  m_PrefabInstance: {fileID: 0}
  m_PrefabAsset: {fileID: 0}
  m_GameObject: {fileID: 0}
  m_Enabled: 1
  m_EditorHideFlags: 0
  m_Script: {fileID: 11500000, guid: c83906d02ff79e44a87686bb3e9d622c, type: 3}
  m_Name: "O104e - Vyp\xEDna\u010D-EP-3 -- O104e - Vyp\xEDna\u010D-R-2"
  m_EditorClassIdentifier: 
  inPort: {fileID: 114311589124555936}
  outPort: {fileID: 114501985784481910}
--- !u!114 &114996473133507420
MonoBehaviour:
  m_ObjectHideFlags: 0
  m_CorrespondingSourceObject: {fileID: 0}
  m_PrefabInstance: {fileID: 0}
  m_PrefabAsset: {fileID: 0}
  m_GameObject: {fileID: 0}
  m_Enabled: 1
  m_EditorHideFlags: 0
  m_Script: {fileID: 11500000, guid: a369827a53a8b544fac030b468de9f7b, type: 3}
  m_Name: "O104e - Vyp\xEDna\u010D-R-2"
  m_EditorClassIdentifier: 
  uniqueId: "O104e - Vyp\xEDna\u010D-R-2"
  nameWithinDialog: R-2
  parentGraph: {fileID: 11400000}
  inPort: {fileID: 114501985784481910}
  outPorts:
  - {fileID: 114403808415347500}
  pointsTo: []
  position: {x: 0, y: 0}
  rect:
    serializedVersion: 2
    x: 356.99994
    y: 499.79993
    width: 250
    height: 150
  isDragged: 0
  isSelected: 1
  nodeNameRect:
    serializedVersion: 2
    x: 15
    y: 10
    width: 146
    height: 30
  corruptionReport: 
  speaker: {fileID: 11400000, guid: bd4269cbd9a00b64fa93d3034e3bb339, type: 2}
  replicAudio: {fileID: 0}
  scroll: {x: 0, y: 0}
  currentLang: 0
  translation:
    cs: "Je to sice vyp\xEDna\u010D, ale tu\u0161\xEDm, \u017Ee kdy\u017E ho zm\xE1\u010Dknu,
      tak se n\u011Bco zapne."
    en: 
